 Dungeon Crawl Stone Soup version 0.28.0-1-gb440e238dd (webtiles) character file.

Game seed: 9563746075244201226

455 spaghetti the Grappler (level 7, -11/41 HPs)
             Began as a Tengu Fighter on Feb 20, 2022.
             Was a Follower of Qazlal.
             Mangled by Duvessa (12 damage)
             ... on level 5 of the Dungeon.
             The game lasted 00:02:52 (3865 turns).

spaghetti the Grappler (Tengu Fighter)              Turns: 3865, Time: 00:02:53

Health: -11/41     AC:  6    Str: 18    XL:     7   Next: 5%
Magic:  8/8        EV: 10    Int:  9    God:    Qazlal [*.....]
Gold:   98         SH:  7    Dex: 13    Spells: 6/6 levels left

rFire   . . .      SeeInvis .     - Unarmed
rCold   . . .      Faith    .   b - +1 buckler
rNeg    . . .      Spirit   .   a - +0 scale mail
rPois   .          Reflect  .   (helmet restricted)
rElec   .          Harm     .   (no cloak)
rCorr   .          Rampage  .   (no gloves)
Will    .....                   (boots unavailable)
Stlth   ..........              (no amulet)
HPRegen 0.13/turn               (no ring)
MPRegen 0.11/turn               (no ring)

@: mighty, flying quickly and evasively, quick
A: beak, talons 3, nimble flight
a: Renounce Religion


You were on level 5 of the Dungeon.
You worshipped Qazlal.
Qazlal was aware of your devotion.
You visited 1 branch of the dungeon, and saw 6 of its levels.

You collected 98 gold pieces.

Inventory:

Armour
 a - a +0 scale mail (worn)
 b - a +1 buckler (worn)
Scrolls
 e - a scroll of enchant weapon
 h - a scroll of holy word {unknown}


   Skills:
 - Level 3.0 Fighting
 - Level 3.2 Armour
 - Level 3.0 Shields
 + Level 8.1 Unarmed Combat


You had 6 spell levels left.
You didn't know any spells.
Your spell library was empty.

Dungeon Overview and Level Annotations

Branches:
Dungeon (6/15)             Temple (0/1) D:5

Altars:
Qazlal
Sif Muna
Uskayaw

Annotations:
D:5 1 runed translucent door, Crazy Yiuf, Duvessa
D:6 Edmund, Maggie


Innate Abilities, Weirdness & Mutations

You have a beak for a mouth.
You have claws for feet.
Your magical nature lets you fly swiftly and evasively.


Message History

Dowan casts a spell.
Dowan blinks!
You closely miss Dowan. Your kick misses Dowan. You peck Dowan.
You kill Dowan!
Qazlal accepts your kill.
You hear a distant scream of rage.
Your Unarmed Combat skill increases to level 8!
You have reached level 7!
Duvessa is nearby!
Duvessa is nearby!
You aren't carrying any items that you can evoke.
Unknown command.
It was a potion of curing.
You feel better.
Duvessa shouts!
Duvessa goes berserk!
It was a potion of magic.
Magic courses through your body.
You feel very mighty all of a sudden.
You aren't carrying any items that you can evoke.
You aren't carrying any potions.
As you read the scroll labelled PUH CIBODAHAGH, it crumbles to dust.
It is a scroll of enchant armour.
Your +0 buckler glows green for a moment.
As you read the scroll labelled COISHR TASHRUFEH, it crumbles to dust.
It is a scroll of identify.
e - a scroll of enchant weapon Duvessa hits you with a +0 short sword!
You hit Duvessa. Your peck misses Duvessa.
Duvessa is lightly wounded.
Duvessa hits you with a +0 short sword! Duvessa hits you with a +0 short sword.
* * * LOW HITPOINT WARNING * * *
You barely miss Duvessa. Your kick misses Duvessa. You peck Duvessa.
Duvessa is lightly wounded.
Duvessa hits you with a +0 short sword!
* * * LOW HITPOINT WARNING * * *
You aren't carrying any potions.
Okay, then.
You hit Duvessa. Your peck misses Duvessa.
Duvessa is moderately wounded.
Duvessa hits you with a +0 short sword!
You die...

#.....................#...
#...###.#..####...........
#...# #.#.)# #.......#.
#...###.#..#######.#.##
#...##...............# #...#
###............# #....
#....#####.#.# .#
#.#.#.###..>..####.#.##.###.
#.....)@e.............
##.#.....#.###..##.[# #
##....#.# #......#
####.#.###......#
#..........#.##
###.###.#.....# #.#
#...(...... #.####....!.#.#
#>e.......#....


You could see Duvessa (berserk).

Vanquished Creatures
  A necrophage (D:5)
  A water moccasin zombie (D:6)
  Dowan (D:5)
  A howler monkey (D:5)
  A bullfrog zombie (D:5)
  A hound (D:4)
  An iguana (D:4)
  Natasha (twice) (D:2)
  3 adders
  An adder skeleton (D:5)
  A dart slug (D:2)
  5 ball pythons
  7 endoplasms
  6 giant cockroaches
  4 goblins (D:1)
  9 hobgoblins
  4 jackals (D:1)
  3 quokkas
  2 bats
  4 frilled lizards
  3 kobolds
  3 rats
64 creatures vanquished.

Notes
Turn   | Place    | Note
-------+----------+-------------------------------------------
     0 | D:1      | spaghetti the Tengu Fighter began the quest for the Orb.
     0 | D:1      | Reached XP level 1. HP: 14/14 MP: 2/2
     3 | D:1      | Noticed an electric eel
     4 | D:1      | Noticed an electric eel
    95 | D:1      | Reached XP level 2. HP: 3/19 MP: 3/3
   463 | D:1      | Reached skill level 3 in Unarmed Combat
   734 | D:1      | Reached XP level 3. HP: 21/23 MP: 4/4
   851 | D:1      | Reached skill level 4 in Unarmed Combat
  1217 | D:2      | Reached XP level 4. HP: 20/28 MP: 5/5
  1408 | D:2      | Noticed Natasha
  1417 | D:2      | Killed Natasha
  1418 | D:2      | Reached skill level 5 in Unarmed Combat
  1797 | D:2      | Noticed Natasha
  1811 | D:2      | Killed Natasha
  1812 | D:2      | Gained mutation: Your magical nature lets you fly swiftly
                  | and evasively. [Tengu growth]
  1812 | D:2      | Reached XP level 5. HP: 14/32 MP: 6/6
  2149 | D:3      | Found a faded altar of an unknown god.
  2200 | D:3      | Found a shimmering blue altar of Sif Muna.
  2542 | D:3      | Prayed at the altar of an unknown god.
  2542 | D:3      | Became a worshipper of Qazlal Stormbringer
  2542 | D:3      | Reached * piety under Qazlal
  2598 | D:4      | Reached skill level 6 in Unarmed Combat
  2605 | D:4      | Noticed an ogre
  2614 | D:5      | Entered Level 5 of the Dungeon
  2903 | D:5      | Found a runed translucent door.
  2904 | D:5      | Noticed Crazy Yiuf
  2921 | D:5      | Noticed a necrophage
  2936 | D:5      | Killed a necrophage
  2937 | D:5      | Reached skill level 7 in Unarmed Combat
  2937 | D:5      | Reached XP level 6. HP: 14/37 MP: 7/7
  2988 | D:5      | Found a staircase to the Ecumenical Temple.
  3337 | D:5      | Noticed Dowan
  3338 | D:5      | Noticed Duvessa
  3738 | D:6      | Noticed a +0 dagger
  3738 | D:6      | Noticed a +0 falchion
  3738 | D:6      | Noticed a +0 spear
  3738 | D:6      | Noticed a +0 short sword
  3763 | D:6      | Noticed Edmund
  3776 | D:6      | Found a hide-covered altar of Uskayaw.
  3776 | D:6      | Noticed a +0 short sword
  3782 | D:6      | Noticed Maggie
  3782 | D:6      | Noticed a black bear
  3786 | D:6      | Noticed a +0 spear
  3786 | D:6      | Noticed a +0 dagger
  3786 | D:6      | Noticed a +0 falchion
  3811 | D:5      | Killed Dowan
  3812 | D:5      | Reached skill level 8 in Unarmed Combat
  3812 | D:5      | Reached XP level 7. HP: 33/41 MP: 8/8
  3864 | D:5      | HP: 1/41 [Duvessa (10)]
  3865 | D:5      | Mangled by Duvessa

Illustrated notes

Levels and vault maps discovered:
D:1:      arrival_aquarium_b, layout_rooms, lemuel_old_faithful
D:2:      layout_rooms, serial_forest, infiniplex_forest_straight_1,
          infiniplex_forest_lined_room_2, infiniplex_forest_end_2,
          infiniplex_forest_end_2, uniq_natasha
D:3:      layout_rooms, mainiacjoe_overflow_24_doors,
          shapermc_ecumenical_altar_pompeii
D:4:      layout_basic, mainiacjoe_overflow_six_doors_small
D:5:      layout_loops_ring, mainiacjoe_overflow_paths, kennysheep_mini_moat,
          lemuel_coloured_pillars_altar, minmay_temple_entry_waves,
          serial_shops, nicolae_diamond_shop, uniq_duvessa, uniq_sigmund,
          uniq_crazy_yiuf_cottage
D:6:      layout_basic, nicolae_uskayaw_en_pointe, serial_shops, shop,
          uniq_edmund, uniq_maggie, uniq_blork_the_orc

Skill      XL: |  1  2  3  4  5  6 |
---------------+-------------------+-----
Unarmed Combat | 3 4 5 7 8 |  8.1
Fighting       | |  3.0
Armour         | |  3.2
Shields        | |  3.0

Action                   |  1- 3 |  4- 6 |  7- 9 || total
-------------------------+-------+-------+-------++-------
Melee: Unarmed           |    89 |   111 |     3 ||   203
       Kick              |    19 |    26 |       ||    45
       Peck              |    11 |    21 |     1 ||    33
  Use: Potion            |     2 |       |     3 ||     5
       Scroll            |       |       |     2 ||     2
Armor: Scale mail        |    38 |    26 |       ||    64
Dodge: Dodged            |    32 |    32 |       ||    64
Block: Buckler           |    20 |    11 |       ||    31
